Map: Eternal Empire LE

Players

Creature

  • Race: Protoss Protoss
  • Spawn Location: 1:00

Robbie (Rob) - Winner!

  • Race: Protoss Protoss
  • League: Grandmaster
  • Spawn Location: 7:00

Event: The Miserable Cup

VOD

Have the link to the VOD?

Description

Time

  • Played on: June 21, 2020, 4:37 p.m.
  • Length: 5:20

All games in this series

Show
View Real Time Build Order
Export as new Build Order

Creature Protoss 

Build Orders:  

Get SALT Encoding   

  12  0:00  Probe  
  13  0:13  Probe  
  14  0:17  Pylon  
  14  0:25  Probe  
  15  0:35  Probe  
  15  0:36  Gateway  
  16  0:43  Probe  
  16  0:48  Assimilator  
  17  0:52  Probe  
  18  1:00  Assimilator  
  18  1:04  Probe  
  19  1:15  Forge  
  19  1:16  Probe  
  20  1:21  Zealot  
  20  1:28  Cybernetics Core  
  22  1:41  Cybernetics Core  
  22  1:54  Photon Cannon  
  22  2:03  Photon Cannon  
  22  2:04  Probe  
  23  2:12  Pylon  
  23  2:19  Shield Battery  
  23  2:27  Sentry  
  23  2:30  Warp Gate  
  25  2:39  Gateway  
  25  2:51  Robotics Facility  
  25  2:59  Probe  
  25  3:03  Gateway  
  26  3:09  Stalker  
  26  3:11  Pylon  
  17  3:56  Probe  
  18  4:04  Immortal  
  22  4:18  Probe  
  23  4:30  Stalker  
  25  4:47  Stalker  
  25  4:59  Stalker  
Show
View Real Time Build Order
Export as new Build Order

Robbie Protoss - Winner!

Build Orders:  

Get SALT Encoding   

  12  0:00  Probe  
  13  0:13  Probe  
  14  0:25  Probe  
  15  0:37  Pylon  
  15  0:55  Forge  
  15  0:56  Gateway  
  15  0:58  Gateway  
  16  1:12  Pylon  
  16  1:15  Pylon  
  16  1:18  Probe  
  16  1:35  Zealot x2  
  15  1:45  Photon Cannon  
  19  1:50  Probe  
  20  1:56  Assimilator  
  20  2:02  Probe  
  20  2:05  Cybernetics Core  
  21  2:11  Probe  
  21  2:13  Assimilator  
  22  2:19  Probe  
  22  2:28  Probe  
  24  2:40  Probe  
  24  2:41  Adept x2  
  29  2:53  Probe  
  29  2:54  Shield Battery  
  30  3:06  Stargate  
  30  3:12  Pylon  
  30  3:29  Shield Battery  
  30  3:37  Void Ray  
  30  3:56  Shield Battery  
  30  4:00  Photon Cannon  
  30  4:12  Void Ray  
  30  4:21  Pylon  
  34  4:30  Shield Battery  
  34  4:49  Shield Battery  
Tags
 
Add a new tag
Caveats
  • Supply blocks, unpowered buildings, or Contaminate may cause inaccurate times.
  • Supply counts are checked every 10 seconds.